 Dungeon Crawl Stone Soup version 0.30-a0-25-gacc37e2db0 (webtiles) character file.

Game seed: 18318163688419218946

1129 Plasmagod the Cleaver (level 8, -6/64 HPs)
             Began as a Hill Orc Fighter on Aug 25, 2022.
             Killed from afar by a steam dragon (19 damage)
             ... with a ball of steam
             ... on level 5 of the Dungeon.
             The game lasted 00:05:49 (4407 turns).

Plasmagod the Cleaver (Hill Orc Fighter)            Turns: 4407, Time: 00:05:50

Health: -6/64      AC: 14    Str: 21    XL:     8   Next: 35%
Magic:  8/8        EV:  7    Int:  8    God:
Gold:   177        SH:  4    Dex: 10    Spells: 7/7 levels left

rFire   . . .      SeeInvis .    a - +0 war axe
rCold   . . .      Faith    .    c - +0 buckler
rNeg    . . .      Spirit   .    r - +0 chain mail
rPois   .          Reflect  .    (no helmet)
rElec   .          Harm     .    (no cloak)
rCorr   .          Rampage  .    m - +0 pair of gloves
Will    .....                    (no boots)
Stlth   ..........               (no amulet)
HPRegen 0.20/turn                i - ring of wizardry
MPRegen 0.11/turn                q - +4 ring of protection

@: no status effects
A: no striking features
a: no special abilities


You were on level 5 of the Dungeon.
You visited 1 branch of the dungeon, and saw 5 of its levels.

You collected 177 gold pieces.

Inventory:

Hand Weapons
 a - a +0 war axe (weapon)
Missiles
 v - an atropa-tipped dart (quivered)
Armour
 c - a +0 buckler (worn)
 m - a +0 pair of gloves (worn)
 r - a +0 chain mail (worn)
Jewellery
 i - a ring of wizardry (left hand)
 q - a +4 ring of protection (right hand)
 s - a +6 ring of strength
Wands
 t - a wand of mindburst (8)
Scrolls
 b - 2 scrolls of enchant armour {unknown}
 e - a scroll of magic mapping {unknown}
 g - 2 scrolls of fear {unknown}
 j - 5 scrolls of identify {unknown}
 l - a scroll of noise {unknown}
 n - 2 scrolls of poison {unknown}
 o - a scroll of immolation {unknown}
 p - a scroll of brand weapon {unknown}
Potions
 d - a potion of might
 f - a potion of heal wounds {unknown}
 h - 3 potions of mutation {unknown}
 k - 2 potions of curing
 u - a potion of brilliance {unknown}


   Skills:
 - Level 3.6 Fighting
 + Level 12.7 Axes
 - Level 3.2 Armour
 - Level 3.2 Shields


You had 7 spell levels left.
You didn't know any spells.
Your spell library contained the following spells:

 Spells                   Type           Power      Damage    Failure   Level
 Sting                    Tmut/Pois      0%         1d3       89%         1
 Poisonous Vapours        Pois/Air       0%         N/A       96%         2
 Gell's Gravitas          Tloc           0%         N/A       99%         3
 Teleport Other           Tloc           0%         N/A       99%         3
 Olgreb's Toxic Radiance  Pois           0%         N/A       100%        4
 Dispersal                Tloc           0%         N/A       100%        6


Dungeon Overview and Level Annotations

Branches:
Dungeon (5/15)
 Temple: D:4-7

Altars:
Cheibriados


Message History

The steam dragon breathes steam at you. The ball of steam hits you!
You block the scorpion's attack.
The steam dragon bites you but does no damage.
The steam dragon claws you.
The scorpion stings you but does no damage.
You closely miss the scorpion.
The scorpion is severely wounded.
You closely miss the steam dragon.
The steam dragon bites you but does no damage.
The steam dragon claws you but does no damage.
A scorpion comes into view.
The scorpion stings you but does no damage.
You closely miss the scorpion.
The scorpion is severely wounded.
You hit the steam dragon but do no damage.
The steam dragon closely misses you. You block the steam dragon's attack.
The scorpion stings you.
You are poisoned.
The scorpion poisons you!
You barely miss the scorpion.
The scorpion is severely wounded.
You closely miss the steam dragon.
You feel very sick.
The scorpion stings you but does no damage.
The steam dragon bites you!
* * * LOW HITPOINT WARNING * * *
The steam dragon closely misses you.
It was a potion of curing.
You feel better. The scorpion stings you.
* * * LOW HITPOINT WARNING * * *
You block the steam dragon's attack.
The steam dragon claws you but does no damage.
You slash the scorpion!
You kill the scorpion!
You slash the steam dragon!
The steam dragon bites you but does no damage.
The steam dragon claws you but does no damage.
The steam dragon breathes steam at you. The ball of steam hits you!!
You die...

.# ... #.# #.# .# #.#
...#####.# #####
.[.....#.# ###...#
......D@§# .....#
...((s†§.#########...#
......##§...........#
...... ############.#
.###. #)# ## #.# #.#
######.## .........#


You could see a steam dragon (catching breath) and a scorpion.

Vanquished Creatures
  Grinder (D:4)
  A water moccasin (D:5)
  A black bear (D:3)
  A necrophage (D:5)
  4 scorpions (D:5)
  A howler monkey (D:4)
  A jelly (D:5)
  3 hounds (D:4)
  An orc priest (D:4)
  2 iguanas (D:5)
  Robin (D:3)
  5 adders
  An ufetubus (D:4)
  2 worms
  4 dart slugs
  14 orcs
  3 bats
  6 endoplasms
  A giant cockroach (D:1)
  13 goblins
  12 hobgoblins
  3 jackals (D:3)
  11 kobolds
  5 quokkas
  8 ball pythons
  3 frilled lizards
  2 rats (D:1)
110 creatures vanquished.

Notes
Turn   | Place    | Note
-------+----------+-------------------------------------------
     0 | D:1      | Plasmagod the Hill Orc Fighter began the quest for the Orb.
     0 | D:1      | Reached XP level 1. HP: 19/19 MP: 1/1
    37 | D:1      | Reached skill level 3 in Axes
   100 | D:1      | Reached XP level 2. HP: 26/26 MP: 2/2
   164 | D:1      | Reached skill level 4 in Axes
   259 | D:1      | Found a faded altar of an unknown god.
   366 | D:1      | Reached XP level 3. HP: 30/31 MP: 3/3
   974 | D:2      | Reached skill level 5 in Axes
  1378 | D:2      | Reached XP level 4. HP: 23/39 MP: 4/4
  1862 | D:3      | Reached skill level 6 in Axes
  2022 | D:3      | Noticed Robin
  2029 | D:3      | Killed Robin
  2145 | D:3      | Reached XP level 5. HP: 45/45 MP: 5/5
  2468 | D:3      | Noticed a black bear
  2474 | D:3      | Killed a black bear
  2475 | D:3      | Reached skill level 7 in Axes
  2522 | D:3      | Reached skill level 8 in Axes
  2522 | D:3      | Reached XP level 6. HP: 51/51 MP: 6/6
  2586 | D:4      | Found a snail-covered altar of Cheibriados.
  2886 | D:4      | Noticed Grinder
  2891 | D:4      | Paralysed by Grinder for 2 turns
  3098 | D:4      | Paralysed by Grinder for 3 turns
  3104 | D:4      | Paralysed by Grinder for 5 turns
  3109 | D:4      | Killed Grinder
  3110 | D:4      | Reached skill level 10 in Axes
  3110 | D:4      | Reached XP level 7. HP: 45/57 MP: 7/7
  3830 | D:5      | Entered Level 5 of the Dungeon
  3964 | D:5      | Reached skill level 11 in Axes
  4123 | D:5      | Reached XP level 8. HP: 46/64 MP: 8/8
  4244 | D:5      | Reached skill level 12 in Axes
  4407 | D:5      | Killed from afar by a steam dragon

Illustrated notes

Levels and vault maps discovered:
D:1:      minmay_arrival_doors, layout_loops_cross,
          ebering_ecumenical_altar_webs, minmay_tromino_mix6
D:2:      layout_rooms
D:3:      layout_loops_ring, chequers_hall_statues_corner_a,
          grunt_decor_one_mirror, uniq_robin
D:4:      layout_gridville, kennysheep_slug_shrine, uniq_grinder
D:5:      layout_loops_ring

Skill      XL: |  1  2  3  4  5  6  7  8 |
---------------+-------------------------+-----
Axes           | 3 4 5 6 8 10 11 12 | 12.7
Fighting       | |  3.6
Armour         | |  3.2
Shields        | |  3.2

Action                   |  1- 3 |  4- 6 |  7- 9 || total
-------------------------+-------+-------+-------++-------
Melee: War axe           |   102 |   129 |   105 ||   336
Throw: Dart              |       |       |     3 ||     3
  Use: Potion            |       |       |     1 ||     1
Armor: Scale mail        |    58 |    23 |       ||    81
       Chain mail        |       |    44 |    66 ||   110
Dodge: Dodged            |    58 |    39 |    36 ||   133
Block: Buckler           |    14 |    25 |    19 ||    58

Table legend: (Time is in decaauts)
 A = Elapsed time spent in this place.
 B = Non-inter-level travel time spent in this place.
 C = Inter-level travel time spent in this place.
 D = Time resting spent in this place.
 E = Time spent auto-exploring this place.
 F = Levels seen in this place.
 G = Mean time per level.
                   A        B        C        D        E       F      G
               +--------+--------+--------+--------+--------+-----+--------+
         Total |   4461 |   4339 |    122 |    163 |   3392 |   5 |  892.2 |
       Dungeon |   4461 |   4339 |    122 |    163 |   3392 |   5 |  892.2 |
               +--------+--------+--------+--------+--------+-----+--------+

Top non-repeatable levels by time:
     D:4: 1109 daAuts
     D:2: 941 daAuts
     D:3: 930 daAuts
     D:1: 906 daAuts
     D:5: 574 daAuts
